| TOP OF THE 1ST |
|
Durham Bulls batting - Pitching for Tacoma Rainiers : RHP Luis Castro
|
|
Pitching: RHP Luis Castro
|
|
|
Batting: RHB Jose Arriola
|
0-0: Ball 1-0: Fly out, F8 (Line Drive, 89M, EV 89.4 MPH)
|
|
Batting: RHB Alex Diaz
|
0-0: Ball 1-0: Called Strike 1-1: Called Strike 1-2: Fly out, F7 (Flyball, 78M, EV 98.8 MPH)
|
|
Batting: LHB Davion Lewis
|
0-0: Ball 1-0: Called Strike 1-1: Foul Ball, location: 2F 1-2: Fly out, F7 (Line Drive, 7, EV 98.1 MPH)
|
| Top of the 1st over - 0 runs, 0 hits, 0 errors, 0 left on base; Durham 0 - Tacoma 0 |
| BOTTOM OF THE 1ST |
|
Tacoma Rainiers batting - Pitching for Durham Bulls : RHP Eric Smith
|
|
Pitching: RHP Eric Smith
|
|
|
Batting: RHB Julian Gregory
|
0-0: Ball 1-0: Ground out 6-3 (Groundball, 6S, EV 71.9 MPH)
|
|
Batting: LHB Addisu Nyamekye
|
0-0: SINGLE (Flyball, 78S, EV 84.4 MPH)
|
|
Batting: RHB Chris Skaff
|
0-0: Called Strike 0-1: Ball 1-1: Called Strike 1-2: Ball 2-2: Ball 3-2: Base on Balls Addisu Nyamekye to second
|
|
Batting: LHB Ryan Lowe
|
0-0: Ball 1-0: Foul Ball, location: 2F 1-1: SINGLE (Flyball, 8RS, EV 96.2 MPH) Addisu Nyamekye to third Chris Skaff to second
|
|
Batting: LHB Jawad Fahad
|
0-0: Fly out, F5 (Flyball, 5D, EV 84.4 MPH)
|
|
Batting: RHB Zach Downs
|
0-0: Called Strike 0-1: Fielders Choice at 2nd, 6-4 (Groundball, 6, EV 81.9 MPH)
|
| Bottom of the 1st over - 0 runs, 2 hits, 0 errors, 3 left on base; Durham 0 - Tacoma 0 |
| TOP OF THE 2ND |
|
Durham Bulls batting - Pitching for Tacoma Rainiers : RHP Luis Castro
|
|
Batting: RHB James Huddleston
|
0-0: Called Strike 0-1: Ball 1-1: Ball 2-1: Ball 3-1: Base on Balls
|
|
Batting: RHB David Ward
|
Pickoff Throw to First - Out! 1-3 0-0: Ball 1-0: Foul Ball, location: 2F 1-1: Ball 2-1: Swinging Strike 2-2: Strikes out looking
|
|
Batting: RHB Kevin Benfield
|
0-0: Ball 1-0: Foul Ball, location: 2F 1-1: Ball 2-1: Ball 3-1: Base on Balls
|
|
Batting: LHB Danny Hull
|
0-0: Called Strike 0-1: Ground out 4-3 (Groundball, 4, EV 85.6 MPH)
|
| Top of the 2nd over - 0 runs, 0 hits, 0 errors, 1 left on base; Durham 0 - Tacoma 0 |
| BOTTOM OF THE 2ND |
|
Tacoma Rainiers batting - Pitching for Durham Bulls : RHP Eric Smith
|
|
Batting: LHB Josh Pittman
|
0-0: Ball 1-0: Foul Ball, location: 2F 1-1: Ball 2-1: SINGLE (Groundball, 34D, EV 102.5 MPH)
|
|
Batting: RHB Lamberto Amicis
|
0-0: Called Strike 0-1: Ball 1-1: Foul Ball, location: 2F 1-2: Ball 2-2: Ball 3-2: Foul Ball, location: 2F 3-2: Strikes out swinging
|
|
Batting: LHB Matt Hepburn
|
0-0: Called Strike 0-1: Fly out, F9 (Flyball, 89S, EV 75.0 MPH)
|
|
Batting: RHB Julian Gregory
|
0-0: Ground out 6-3 (Groundball, 56, EV 107.5 MPH)
|
| Bottom of the 2nd over - 0 runs, 1 hit, 0 errors, 1 left on base; Durham 0 - Tacoma 0 |
| TOP OF THE 3RD |
|
Durham Bulls batting - Pitching for Tacoma Rainiers : RHP Luis Castro
|
|
Batting: RHB Antonio Pacheco
|
0-0: Fly out, F8 (Flyball, 8LS, EV 92.5 MPH)
|
|
Batting: SHB Julio Hernandez
|
0-0: Ball 1-0: Called Strike 1-1: Ground out 4-3 (Groundball, 4, EV 88.1 MPH)
|
|
Batting: RHB Jose Arriola
|
0-0: Called Strike 0-1: Ball 1-1: Ball 2-1: Foul Ball, location: 2F 2-2: Ball 3-2: Foul Ball, location: 2F 3-2: Ground out 4-3 (Groundball, 4, EV 88.1 MPH)
|
| Top of the 3rd over - 0 runs, 0 hits, 0 errors, 0 left on base; Durham 0 - Tacoma 0 |
| BOTTOM OF THE 3RD |
|
Tacoma Rainiers batting - Pitching for Durham Bulls : RHP Eric Smith
|
|
Batting: LHB Addisu Nyamekye
|
0-0: Called Strike 0-1: Ball 1-1: Fly out, F7 (Flyball, 78S, EV 86.2 MPH)
|
|
Batting: RHB Chris Skaff
|
0-0: Ball 1-0: Swinging Strike 1-1: Foul Ball, location: 2F 1-2: Foul Ball, location: 2F 1-2: Ball 2-2: Ball 3-2: Base on Balls
|
|
Batting: LHB Ryan Lowe
|
0-0: Ball Pickoff Throw by Catcher to First - Error! E2 Chris Skaff to second 1-0: Fly out, F9 (Flyball, 9D, EV 87.5 MPH) Runner from 2nd tags up, SAFE at 3rd, no throw by RF
|
|
Batting: LHB Jawad Fahad
|
0-0: Foul Ball, location: 2F 0-1: Foul Ball, location: 2F 0-2: Strikes out swinging
|
| Bottom of the 3rd over - 0 runs, 0 hits, 1 error, 1 left on base; Durham 0 - Tacoma 0 |
| TOP OF THE 4TH |
|
Durham Bulls batting - Pitching for Tacoma Rainiers : RHP Luis Castro
|
|
Batting: RHB Alex Diaz
|
0-0: Ball 1-0: Called Strike 1-1: Foul Ball, location: 2F 1-2: Foul Ball, location: 2F 1-2: Ball 2-2: Ground out 5-3 (Groundball, 56, EV 88.8 MPH)
|
|
Batting: LHB Davion Lewis
|
0-0: Ball 1-0: Fly out, F6 (Line Drive, 6M, EV 68.1 MPH)
|
|
Batting: RHB James Huddleston
|
0-0: Ball 1-0: Foul Ball, location: 2F 1-1: Foul Ball, location: 2F 1-2: Strikes out swinging
|
| Top of the 4th over - 0 runs, 0 hits, 0 errors, 0 left on base; Durham 0 - Tacoma 0 |
| BOTTOM OF THE 4TH |
|
Tacoma Rainiers batting - Pitching for Durham Bulls : RHP Eric Smith
|
|
Batting: RHB Zach Downs
|
0-0: Ball 1-0: Ground out 3-1 (Groundball, 34S, EV 91.9 MPH)
|
|
Batting: LHB Josh Pittman
|
0-0: Ball 1-0: Ball 2-0: Ball 3-0: Base on Balls
|
|
Batting: RHB Lamberto Amicis
|
0-0: Called Strike 0-1: Ball 1-1: Called Strike 1-2: Strikes out swinging
|
|
Batting: LHB Matt Hepburn
|
0-0: Ball 1-0: Swinging Strike 1-1: Fly out, F8 (Flyball, 78M, EV 75.6 MPH)
|
| Bottom of the 4th over - 0 runs, 0 hits, 0 errors, 1 left on base; Durham 0 - Tacoma 0 |
| TOP OF THE 5TH |
|
Durham Bulls batting - Pitching for Tacoma Rainiers : RHP Luis Castro
|
|
Batting: RHB David Ward
|
0-0: Foul Ball, location: 2F 0-1: Foul Ball, location: 2F 0-2: Ball 1-2: Ball 2-2: DOUBLE (Line Drive, 78M, EV 107.5 MPH)
|
|
Batting: RHB Kevin Benfield
|
0-0: Ball 1-0: Ball 2-0: SINGLE (Line Drive, 3D, EV 101.9 MPH) David Ward to third Runner from 3rd tries for Home, throw by RF and OUT! 9-2 Kevin Benfield to second
|
|
Batting: LHB Danny Hull
|
0-0: Ball 1-0: Foul Ball, location: 2F 1-1: SINGLE (Groundball, 56D, EV 105.6 MPH) Kevin Benfield to third
|
|
Batting: RHB Antonio Pacheco
|
0-0: Ball 1-0: SINGLE (Groundball, 6D, EV 106.2 MPH) Kevin Benfield scores Danny Hull to second
|
|
Batting: SHB Julio Hernandez
|
0-0: Ball 1-0: SINGLE (Line Drive, 7LS, EV 97.5 MPH) Danny Hull to third Antonio Pacheco to second Runner from 3rd tries for Home, throw by LF and OUT! 7-2 Antonio Pacheco to third Julio Hernandez to second
|
|
Batting: RHB Jose Arriola
|
0-0: Called Strike 0-1: Ball 1-1: Ball Wild Pitch! Antonio Pacheco scores Julio Hernandez to third 2-1: Foul Ball, location: 2F 2-2: Ball 3-2: Ground out 6-3 (Groundball, 6M, EV 96.9 MPH)
|
| Top of the 5th over - 2 runs, 5 hits, 0 errors, 1 left on base; Durham 2 - Tacoma 0 |
| BOTTOM OF THE 5TH |
|
Tacoma Rainiers batting - Pitching for Durham Bulls : RHP Eric Smith
|
|
Batting: RHB Julian Gregory
|
0-0: Called Strike 0-1: Ball 1-1: Swinging Strike 1-2: Ball 2-2: Strikes out looking
|
|
Batting: LHB Addisu Nyamekye
|
0-0: Fly out, F8 (Flyball, 8RS, EV 80.6 MPH)
|
|
Batting: RHB Chris Skaff
|
0-0: Called Strike 0-1: Swinging Strike 0-2: Ball 1-2: Ball 2-2: Foul Ball, location: 2F 2-2: Foul Ball, location: 2F 2-2: Ground out 6-3 (Groundball, 4M, EV 106.2 MPH)
|
| Bottom of the 5th over - 0 runs, 0 hits, 0 errors, 0 left on base; Durham 2 - Tacoma 0 |
| TOP OF THE 6TH |
|
Durham Bulls batting - Pitching for Tacoma Rainiers : RHP Luis Castro
|
|
Batting: RHB Alex Diaz
|
0-0: Ball 1-0: SINGLE (Groundball, 56D, EV 94.4 MPH)
|
|
Batting: LHB Davion Lewis
|
0-0: Ball 1-0: Swinging Strike 1-1: Fly out, F7 (Flyball, 7, EV 93.8 MPH)
|
|
Batting: RHB James Huddleston
|
0-0: Called Strike 0-1: Fly out, F9 (Line Drive, 89M, EV 101.9 MPH)
|
|
Batting: RHB David Ward
|
0-0: Called Strike 0-1: Called Strike 0-2: SINGLE (Groundball, 4M, EV 103.8 MPH) Alex Diaz to second Runner from 2nd tries for 3rd, SAFE, throw by CF made at trailing runner, OUT! 8-6
|
| Top of the 6th over - 0 runs, 2 hits, 0 errors, 1 left on base; Durham 2 - Tacoma 0 |
| BOTTOM OF THE 6TH |
|
Tacoma Rainiers batting - Pitching for Durham Bulls : RHP Eric Smith
|
|
Batting: LHB Ryan Lowe
|
0-0: Ball 1-0: Ball 2-0: Called Strike 2-1: Swinging Strike 2-2: Ball 3-2: Strikes out swinging
|
|
Pitching: RHP Luis Cubero
|
|
|
Batting: LHB Jawad Fahad
|
0-0: Foul Ball, location: 2F 0-1: Ball 1-1: Foul Ball, location: 2F 1-2: Foul Ball, location: 2F 1-2: SINGLE (Groundball, 6MD, EV 95.0 MPH)
|
|
Batting: RHB Zach Downs
|
0-0: Ball 1-0: Ground out 4-3 (Groundball, 4MS, EV 68.1 MPH) Jawad Fahad to second
|
|
Batting: LHB Josh Pittman
|
0-0: Ball 1-0: Ball 2-0: Called Strike 2-1: Ball 3-1: Fly out, F7 (Flyball, 7D, EV 86.9 MPH)
|
| Bottom of the 6th over - 0 runs, 1 hit, 0 errors, 1 left on base; Durham 2 - Tacoma 0 |
| TOP OF THE 7TH |
|
Durham Bulls batting - Pitching for Tacoma Rainiers : RHP Luis Castro
|
|
Batting: RHB Kevin Benfield
|
0-0: Ball 1-0: Ball 2-0: Ball 3-0: Foul Ball, location: 2F 3-1: Called Strike 3-2: Ground out U3 (Groundball, 3, EV 88.8 MPH)
|
|
Batting: LHB Danny Hull
|
0-0: Ball 1-0: Ball 2-0: Called Strike 2-1: Ground out U3 (Groundball, 23, EV 81.9 MPH)
|
|
Batting: RHB Antonio Pacheco
|
0-0: Ball 1-0: Ball 2-0: Foul Ball, location: 2F 2-1: Called Strike 2-2: Strikes out looking
|
| Top of the 7th over - 0 runs, 0 hits, 0 errors, 0 left on base; Durham 2 - Tacoma 0 |
| BOTTOM OF THE 7TH |
|
Tacoma Rainiers batting - Pitching for Durham Bulls : RHP Luis Cubero
|
|
Batting: RHB Lamberto Amicis
|
0-0: Ball 1-0: Ball 2-0: Called Strike 2-1: Swinging Strike 2-2: Foul Ball, location: 2F 2-2: Ball 3-2: Strikes out looking
|
|
Batting: LHB Matt Hepburn
|
0-0: Foul Ball, location: 2F 0-1: DOUBLE (Line Drive, 7LS, EV 97.5 MPH)
|
|
Batting: RHB Julian Gregory
|
0-0: Ball 1-0: Called Strike 1-1: Foul Ball, location: 2F 1-2: DOUBLE (Flyball, 8RD, EV 104.4 MPH) Matt Hepburn scores
|
|
Batting: LHB Addisu Nyamekye
|
0-0: Foul Ball, location: 2F 0-1: Ball 1-1: Foul Ball, location: 2F 1-2: Strikes out swinging
|
|
Batting: RHB Chris Skaff
|
0-0: Called Strike 0-1: Foul Ball, location: 2F 0-2: Foul Ball, location: 2F 0-2: Ball 1-2: Ground out 5-3 (Groundball, 56S, EV 86.2 MPH)
|
| Bottom of the 7th over - 1 run, 2 hits, 0 errors, 1 left on base; Durham 2 - Tacoma 1 |
| TOP OF THE 8TH |
|
Durham Bulls batting - Pitching for Tacoma Rainiers : RHP Luis Castro
|
|
Batting: SHB Julio Hernandez
|
0-0: Foul Ball, location: 2F 0-1: Swinging Strike 0-2: SINGLE (Groundball, 3D, EV 104.4 MPH)
|
|
Pitching: RHP David Lane
|
|
|
Batting: RHB Jose Arriola
|
0-0: Bunted foul 0-1: Ball 1-1: Ball Julio Hernandez steals 2nd base (no throw) 2-1: Bunted foul 2-2: Ball 3-2: Foul Ball, location: 2F 3-2: Fly out, F8 (Flyball, 8RXD, EV 96.2 MPH) Runner from 2nd tags up, SAFE at 3rd, no throw by CF
|
|
Batting: RHB Alex Diaz
|
0-0: Called Strike 0-1: Fly out, F8 (Flyball, 89M, EV 86.9 MPH) Runner from 3rd tags up, SCORES, throw by CF
|
|
Batting: LHB Davion Lewis
|
0-0: Ball 1-0: Called Strike 1-1: Swinging Strike 1-2: Ground out 4-3 (Groundball, 4, EV 90.0 MPH)
|
| Top of the 8th over - 1 run, 1 hit, 0 errors, 0 left on base; Durham 3 - Tacoma 1 |
| BOTTOM OF THE 8TH |
|
Tacoma Rainiers batting - Pitching for Durham Bulls : RHP Luis Cubero
|
|
Pitching: LHP Sam Wesman
|
|
|
Batting: LHB Ryan Lowe
|
0-0: Ball 1-0: Ball 2-0: Called Strike 2-1: Called Strike 2-2: Foul Ball, location: 2F 2-2: Foul Ball, location: 2F 2-2: Fly out, F9 (Flyball, 9D, EV 95.0 MPH)
|
|
Pinch Hitting: RHB Marco Diaz
|
0-0: Fly out, F7 (Flyball, 78D, EV 100.6 MPH)
|
|
Batting: RHB Zach Downs
|
0-0: Called Strike 0-1: Swinging Strike 0-2: Ball 1-2: Ball 2-2: Ball 3-2: Foul Ball, location: 2F 3-2: Base on Balls
|
|
Batting: LHB Josh Pittman
|
0-0: Ball 1-0: Swinging Strike 1-1: Called Strike 1-2: Strikes out swinging
|
| Bottom of the 8th over - 0 runs, 0 hits, 0 errors, 1 left on base; Durham 3 - Tacoma 1 |
| TOP OF THE 9TH |
|
Durham Bulls batting - Pitching for Tacoma Rainiers : RHP David Lane
|
|
Now at 3B: John Britton
|
|
|
Batting: RHB James Huddleston
|
0-0: Called Strike 0-1: SINGLE (Groundball, 6M, EV 103.8 MPH) (infield hit)
|
|
Batting: RHB David Ward
|
0-0: Grounds into double play, 6-4-3 (Groundball, 6M, EV 103.8 MPH)
|
|
Batting: RHB Kevin Benfield
|
0-0: Ball 1-0: SINGLE (Line Drive, 6D, EV 104.4 MPH)
|
|
Batting: LHB Danny Hull
|
0-0: Ball 1-0: SINGLE (Groundball, 34D, EV 103.8 MPH) Kevin Benfield to second Runner from 2nd tries for 3rd, SAFE, throw by RF made to third Danny Hull to second
|
|
Batting: RHB Antonio Pacheco
|
0-0: Ball 1-0: Called Strike 1-1: DOUBLE (Line Drive, 8RXD, EV 108.1 MPH) Kevin Benfield scores Danny Hull scores
|
|
Batting: SHB Julio Hernandez
|
0-0: Ball 1-0: Called Strike 1-1: Ball 2-1: Ball 3-1: SINGLE (Line Drive, 7LS, EV 103.1 MPH) Antonio Pacheco to third Runner from 3rd tries for Home, SAFE, throw by LF to home
|
|
Pitching: RHP Jose Lopez
|
|
|
Batting: RHB Jose Arriola
|
0-0: Foul Ball, location: 2F 0-1: Swinging Strike 0-2: Foul Ball, location: 2F 0-2: Ball 1-2: SINGLE (Line Drive, 9S, EV 92.5 MPH) Julio Hernandez to second Runner from 2nd tries for 3rd, SAFE, throw by RF made to third
|
|
Batting: RHB Alex Diaz
|
0-0: Ball 1-0: Foul Ball, location: 2F 1-1: Foul Ball, location: 2F 1-2: Ball 2-2: Foul Ball, location: 2F 2-2: Ball 3-2: Fly out, F7 (Flyball, 7LS, EV 85.6 MPH)
|
| Top of the 9th over - 3 runs, 6 hits, 0 errors, 2 left on base; Durham 6 - Tacoma 1 |
| BOTTOM OF THE 9TH |
|
Tacoma Rainiers batting - Pitching for Durham Bulls : LHP Sam Wesman
|
|
Batting: RHB Lamberto Amicis
|
0-0: Fly out, F3 (Popup, 34, EV 73.8 MPH)
|
|
Pinch Hitting: SHB Isaiah Cherry
|
0-0: Swinging Strike 0-1: Ball 1-1: Swinging Strike 1-2: Ball 2-2: Ball 3-2: Base on Balls
|
|
Pitching: RHP David Breaux
|
|
|
Batting: RHB Julian Gregory
|
0-0: Called Strike 0-1: Foul Ball, location: 2F 0-2: Ball 1-2: Strikes out swinging
|
|
Batting: LHB Addisu Nyamekye
|
0-0: Ground out 6-3 (Groundball, 56, EV 103.8 MPH)
|
| Bottom of the 9th over - 0 runs, 0 hits, 0 errors, 1 left on base; Durham 6 - Tacoma 1 |
|